 Dungeon Crawl Stone Soup version 0.19.5 (webtiles) character file.

1949 equalderp2856 the Gouger (level 8, -9/35 HPs)
             Began as a Felid Fighter on Mar 5, 2017.
             Mangled by an orc warrior
             ... wielding a +0 trident
              (26 damage)
             ... on level 9 of the Dungeon.
             The game lasted 00:48:51 (15540 turns).

equalderp2856 the Gouger (Felid Fighter)           Turns: 15540, Time: 00:48:52

Health: -9/35      AC:  2    Str: 18    XL:     8   Next: 99%
Magic:  9/17       EV: 24    Int: 10    God:
Gold:   311        SH:  0    Dex: 18    Spells: 2 memorised, 13 levels left
                                        Lives:  0   Deaths: 3

rFire  . . .     SeeInvis +       - Unarmed
rCold  . . .     Gourm    .     (armour unavailable)
rNeg   . . .     Faith    .     (shield unavailable)
rPois  .         Spirit   .     (helmet unavailable)
rElec  .         Reflect  .     (cloak unavailable)
rCorr  .         Harm     .     (gloves unavailable)
MR     +....                    (boots unavailable)
Stlth  +++.......               (no amulet)
                                (no ring)
                                e - ring of see invisible

@: mighty, quick
A: no armour, no weapons or thrown items, stealth, claws 1, fangs 3, see
invisible, carnivore 3, speed 1, shaggy fur 2, slow metabolism 1, sharp paws
a: no special abilities


You were on level 9 of the Dungeon.
You were not hungry.

You visited 1 branch of the dungeon, and saw 10 of its levels.

You collected 437 gold pieces.
You spent 126 gold pieces at shops.

Inventory:

Missiles
 i - 139 arrows
Jewellery
 e - a ring of see invisible (left paw)
Wands
 n - a wand of slowing (48/48)
 s - a wand of paralysis (0/24)
 A - a wand of flame (21/48)
 B - a wand of iceblast (0/15)
 H - a wand of iceblast (4/15)
 I - a wand of acid (3/15)
Scrolls
 c - 2 scrolls of blinking
 d - 10 scrolls of identify
 f - 2 scrolls of magic mapping
 h - 5 scrolls of remove curse {unknown}
 o - 3 scrolls of teleportation
 p - 3 scrolls of immolation
 r - 2 scrolls of recharging
 y - 3 scrolls of enchant armour {unknown}
 F - a scroll of fear {unknown}
Potions
 g - 2 potions of haste
 j - 3 potions of degeneration
 k - a potion of agility
 l - 2 potions of curing
 m - 4 potions of flight
 q - 2 potions of lignification
 t - 4 potions of brilliance {unknown}
 u - 2 potions of ambrosia {unknown}
 w - a potion of beneficial mutation {unknown}
 x - a potion of resistance {unknown}
 D - a potion of mutation
 E - a potion of experience {unknown}
 G - a potion of berserk rage {unknown}
Books
 C - a book of Geomancy

   Spells                             Type                      Level
   a - Sandblast                      Earth                        1
   b - Passwall                       Transmutation/Earth          2
   c - Stone Arrow                    Conjuration/Earth            3
   d - Petrify                        Transmutation/Earth          4
   e - Lee's Rapid Deconstruction     Earth                        5
Comestibles
 b - 3 meat rations
 v - 3 fruits
 z - 6 bread rations


   Skills:
 + Level 3.6 Fighting
 + Level 8.3 Dodging
 + Level 5.0 Stealth
 + Level 9.2 Unarmed Combat
 + Level 5.7 Spellcasting
 + Level 5.5 Conjurations
 + Level 5.6 Earth Magic
 + Level 0.9 Evocations


You had 13 spell levels left.
You knew the following spells:

 Your Spells              Type           Power        Failure   Level  Hunger
a - Passwall              Tmut/Erth      #.........   12%         2    ##.....
b - Stone Arrow           Conj/Erth      ##....       8%          3    ###....


Dungeon Overview and Level Annotations

Branches:
Dungeon (10/15)            Temple (0/1) D:4
   Lair: D:8-11         Orc: D:9-12

Altars:
Cheibriados
Elyvilon
Kikubaaqudgha
Makhleb
Nemelex Xobeh
Okawaru
Qazlal
Ru
Sif Muna
Trog
Xom
The Shining One

Shops:
D:6 !

Annotations:
D:4 Shiggs's ghost, amateur GrFE
D:8 Fairytaker's ghost, novice FoFi


Innate Abilities, Weirdness & Mutations

You cannot wear armour.
You are incapable of wielding weapons or throwing items.
Your paws allow you to move quietly. (Stealth)
You have sharp claws.
You have razor-sharp teeth.
You have supernaturally acute eyesight. (SInv)
You are carnivorous and can eat meat at any time.
You cover ground quickly.
You are covered in thick fur. (AC +2)
You have a slow metabolism.
Your sharp claws are effective at attacking unaware monsters.


Message History

The orc warrior closely misses you. The wyvern bites you.
Things that are here:
a robe; an enchanted hand axe You scratch the wyvern.
The wyvern is lightly wounded.
The wyvern bites you!
You feel very mighty all of a sudden. The wyvern closely misses you.
You closely miss the wyvern.
The wyvern is lightly wounded.
The wyvern completely misses you. The wyvern misses you.
You mangle the wyvern!!
The wyvern is severely wounded.
The wyvern completely misses you.
You claw the wyvern!
You kill the wyvern!
The orc warrior hits you from afar with a trident!!
Ouch! That really hurt!
You die...

################ #####
#.<.........)... #...#
#.########.##### ###...###
#.##..........#
#.<.....####
#.##.########.#
#..........####.##.# #.#
#.......##....#.##..# #.##
###<..#######.#.##..#
####.## #...# #@#.##..#
#...... ##.## #†#.##..#
#...... #[# #o#.##..#
#..#.## #.#
#.#.##(.####[.#.#
#.########.#.##..........#
#.)...........#..#####.###
##########....)........#
##...##.##.##.#
#..o##.##.##.#


You could see an orc warrior.

Vanquished Creatures
  2 slime creatures (D:7)
  2 hornets
  Sigmund (D:6)
  A wyvern (D:9)
  Eustachio (D:5)
  A hungry ghost (D:7)
  Menkaure (D:7)
  2 orc warriors
  3 phantoms
  2 sky beasts
  4 ogres
  4 centaurs
  A big kobold (D:9)
  A bullfrog (D:6)
  A gnoll sergeant (D:7)
  3 scorpions
  8 killer bees
  6 wights
  5 howler monkeys
  A crimson imp (D:4)
  2 bullfrog zombies
  A quasit (D:8)
  3 jellies
  11 orc wizards
  5 orc priests
  A bullfrog skeleton (D:9)
  2 hounds
  3 centaur skeletons
  2 iguanas
  4 worker ants
  A hound skeleton (D:8)
  A worker ant zombie (D:6)
  6 adders
  10 gnolls
  15 oozes
  An adder zombie (D:5)
  A worm (D:4)
  2 dart slugs
  4 leopard geckos
  34 orcs
  8 giant cockroaches
  5 goblins
  6 hobgoblins
  13 jackals
  8 quokkas
  2 ball pythons
  6 bats
  5 frilled lizards
  A jackal skeleton (D:7)
  2 jackal zombies
  5 kobolds
  2 quokka zombies
  7 rats
229 creatures vanquished.

Vanquished Creatures (others)
  6 fungi (D:7)
6 creatures vanquished.

Grand Total: 235 creatures vanquished

Notes
Turn   | Place    | Note
-------+----------+-------------------------------------------
     0 | D:1      | equalderp2856 the Felid Fighter began the quest for the Orb.
     0 | D:1      | Reached XP level 1. HP: 10/10 MP: 2/2
    93 | D:1      | Reached XP level 2. HP: 14/14 MP: 3/3
   812 | D:2      | Reached XP level 3. HP: 17/17 MP: 4/4
  1541 | D:2      | Reached skill level 1 in Stealth
  2005 | D:3      | Reached XP level 4. HP: 10/21 MP: 5/5
  2158 | D:3      | Reached skill level 5 in Dodging
  2195 | D:3      | Noticed a hippogriff
  2536 | D:3      | Reached skill level 5 in Unarmed Combat
  2896 | D:3      | Noticed a centaur
  2897 | D:3      | Shot with an arrow by a centaur
  2898 | D:3      | Reached XP level 3. HP: -2/17 MP: 4/4
  3037 | D:4      | Found a staircase to the Ecumenical Temple.
  3037 | D:4      | Noticed Shiggs's ghost (amateur GrFE)
  3206 | D:4      | Found a shimmering altar of Xom.
  3208 | D:4      | Found an iron altar of Okawaru.
  3208 | D:4      | Found a sacrificial altar of Ru.
  3210 | D:4      | Found a burning altar of Makhleb.
  3210 | D:4      | Found a snail-covered altar of Cheibriados.
  3210 | D:4      | Found a bloodstained altar of Trog.
  3697 | D:4      | Reached XP level 4. HP: 21/21 MP: 5/5
  4121 | D:4      | Reached XP level 5. HP: 20/24 MP: 6/6
  4625 | D:5      | Entered Level 5 of the Dungeon
  4937 | D:5      | Noticed a centaur
  4948 | D:5      | Killed a centaur
  4948 | D:5      | Reached skill level 6 in Unarmed Combat
  4948 | D:5      | Gained mutation: You are covered in thick fur. (AC +2) [Felid growth]
  4948 | D:5      | Reached XP level 6. HP: 16/28 MP: 7/7
  5975 | D:6      | Noticed Sigmund
  5983 | D:6      | Killed Sigmund
  5983 | D:6      | Reached skill level 7 in Unarmed Combat
  5983 | D:6      | Reached XP level 7. HP: 26/31 MP: 8/8
  6126 | D:6      | Found Zoarick's Distillery.
  6134 | D:6      | Noticed Eustachio
  7097 | D:5      | Reached skill level 8 in Unarmed Combat
  7195 | D:5      | Reached XP level 8. HP: 27/34 MP: 9/9
  7390 | D:5      | Killed Eustachio
  7547 | D:6      | Learned a level 2 spell: Passwall
  7551 | D:6      | Learned a level 3 spell: Stone Arrow
  7831 | D:6      | Bought a potion of mutation for 30 gold pieces
  7837 | D:6      | Bought a potion of heal wounds for 60 gold pieces
  7837 | D:6      | Bought a potion of curing for 36 gold pieces
  7911 | D:6      | Reached skill level 1 in Spellcasting
  7911 | D:6      | Reached skill level 1 in Conjurations
  7970 | D:6      | Reached skill level 1 in Earth Magic
  8359 | D:7      | Noticed Menkaure
  8366 | D:7      | Killed Menkaure
  8817 | D:7      | Noticed a slime creature
  9860 | D:7      | Reached XP level 9. HP: 38/38 MP: 1/14
 11116 | D:7      | Found a shimmering altar of Xom.
 11493 | D:8      | Noticed Fairytaker's ghost (novice FoFi)
 11543 | D:8      | Found a glowing golden altar of the Shining One.
 12389 | D:8      | Found a snail-covered altar of Cheibriados.
 12397 | D:8      | Found an ancient bone altar of Kikubaaqudgha.
 12400 | D:8      | Found a stormy altar of Qazlal.
 12401 | D:8      | Found a sparkling altar of Nemelex Xobeh.
 12402 | D:8      | Found a sacrificial altar of Ru.
 12512 | D:8      | Found a white marble altar of Elyvilon.
 12788 | D:8      | Reached skill level 5 in Conjurations
 12790 | D:8      | Reached skill level 5 in Spellcasting
 12790 | D:8      | Reached skill level 5 in Earth Magic
 14122 | D:9      | HP: 1/38 [phantom (9)]
 14129 | D:9      | Reached XP level 10. HP: 12/42 MP: 9/19
 14960 | D:10     | Entered Level 10 of the Dungeon
 14962 | D:10     | Noticed a four-headed hydra
 14966 | D:10     | Noticed a hill giant
 15012 | D:9      | Slain by a wyvern
 15013 | D:9      | Reached XP level 9. HP: -1/38 MP: 18/18
 15228 | D:9      | Found a deep blue altar of Sif Muna.
 15244 | D:9      | Slain by a hornet
 15245 | D:9      | Reached XP level 8. HP: -3/35 MP: 16/17
 15318 | D:9      | Killed a hornet
 15318 | D:9      | Reached skill level 5 in Stealth
 15379 | D:9      | Reached skill level 9 in Unarmed Combat
 15540 | D:9      | Mangled by an orc warrior

Skill      XL: |  1  2  3  4  5  6  7  8  9 |
---------------+----------------------------+-----
Stealth        | 1 2 4 5 |  5.0
Dodging        | 5 6 7 8 |  8.3
Unarmed Combat | 5 6 7 8 9 |  9.2
Spellcasting   | 3 5 |  5.7
Conjurations   | 3 5 |  5.5
Earth Magic    | 3 5 |  5.6
Fighting       | |  3.6
Evocations     | |  0.9

Action                   |  1- 3 |  4- 6 |  7- 9 | 10-12 || total
-------------------------+-------+-------+-------+-------++-------
Melee: Unarmed           |   143 |   141 |   565 |    39 ||   888
       Bite              |     9 |    14 |    63 |     5 ||    91
       Punch             |     2 |     2 |    22 |       ||    26
 Cast: Stone Arrow       |       |       |    31 |     7 ||    38
Evoke: Wand              |       |       |     9 |       ||     9
  Use: Scroll            |     8 |     1 |     4 |     2 ||    15
       Potion            |       |     1 |     5 |     2 ||     8
 Stab: Sleeping          |     6 |     5 |     9 |       ||    20
       Paralysed         |       |       |     2 |       ||     2
       Distracted        |       |       |     2 |       ||     2
  Eat: Chunk             |     9 |     8 |     3 |       ||    20
       Meat ration       |       |       |     3 |       ||     3
Armor: Skin              |     6 |     6 |    19 |    12 ||    43
Dodge: Dodged            |   128 |   106 |   528 |   117 ||   879
